 Dungeon Crawl Stone Soup version 0.31.0-11-ge490571c62 (webtiles) character file.

Game seed: 6643910207135461503

124084 wormsofcant the Slicer (level 16, -2/139 HPs)
             Began as an Armataur Shapeshifter on Feb 5, 2024.
             Was an Initiate of Gozag.
             Succumbed to a naga ritualist's toxic radiance
             ... on level 1 of the Snake Pit.
             The game lasted 00:54:09 (29352 turns).

wormsofcant the Slicer (Armataur Shapeshifter)     Turns: 29352, Time: 00:54:10

Health: -2/139     AC: 23    Str: 32    XL:     16   Next: 38%
Magic:  16/16      EV:  7    Int: 12    God:    Gozag
Gold:   2766       SH: 14    Dex: 10    Spells: 7/15 levels left

rFire   x . .        a - +8 arc blade {discharge, rElec}
rCold   + . .        t - +0 kite shield {AC+3}
rNeg    . . .        x - +7 chain mail {ponderous}
rPois   .            d - +0 mask of the Dragon {Will+ Slay+3 SInv}
rElec   +            O - scarf {+Inv}
rCorr   +            v - +1 pair of gloves
SInv    +            (no barding)
Will    ++...        k - amulet of reflection Stlth
                     T - ring of Periypil {Ice rPois rCorr Str+6}
HPRegen 0.43/turn    N - +4 ring of slaying {=R}
MPRegen 0.15/turn

%: reflection, roll
@: lethally poisoned (-2 -> -60), poison vulnerable, slowed, very slow
A: large, deformed body, tough skin 3, armoured tail, roll 2
a: Renounce Religion, Evoke Invisibility, Potion Petition, Call Merchant, Bribe
Branch


You were on level 1 of the Snake Pit.
You worshipped Gozag.
Gozag was most pleased with you.
You visited 4 branches of the dungeon, and saw 24 of its levels.
You also visited: Ice Cave.

You collected 8645 gold pieces.
You spent 4182 gold pieces at shops.
You paid 1697 gold pieces to Gozag.

Inventory:

Hand Weapons
 a - the +8 arc blade (weapon) {discharge, rElec}
   (You bought it in a shop on level 8 of the Dungeon)

   rElec:     It insulates you from electricity.
 W - the +5 long sword of Irritation {freeze, rElec Will+ Int+2}
   (You found it on level 1 of the Lair of Beasts)

   Int+2:     It affects your intelligence (+2).
   rElec:     It insulates you from electricity.
   Will+:     It increases your willpower.
Missiles
 i - 5 atropa-tipped darts
 r - 7 javelins
 y - 5 silver javelins
 A - 29 boomerangs (quivered)
 D - 4 throwing nets
 H - 3 curare-tipped darts
Armour
 d - the +0 mask of the Dragon (worn) {Will+ Slay+3 SInv}
   (You acquired it on level 2 of the Orcish Mines)

   Slay+3:    It affects your accuracy & damage with ranged weapons and melee
   (+3).
   Will+:     It increases your willpower.
   SInv:      It lets you see invisible.
 j - a +0 troll leather armour
 n - the +4 robe of Augmentation {Str+4 Int+4 Dex+4}
   (You found it on level 2 of the Dungeon)

   Str+4:     It affects your strength (+4).
   Int+4:     It affects your intelligence (+4).
   Dex+4:     It affects your dexterity (+4).
 t - a +0 kite shield of protection (worn)
 v - a +1 pair of gloves (worn)
 x - a +7 chain mail of ponderousness (worn)
 O - a scarf of invisibility (worn)
Jewellery
 b - a ring of protection from fire
 h - a ring of poison resistance
 k - an amulet of reflection (around neck)
 N - a +4 ring of slaying (right hand) {=R}
 T - the ring of Periypil (left hand) {Ice rPois rCorr Str+6}
   (You found it on level 11 of the Dungeon)

   [ring of ice]

   Ice:       It enhances your ice magic.
   Str+6:     It affects your strength (+6).
   rF-:       It makes you vulnerable to fire.
   rC+:       It protects you from cold.
   rPois:     It protects you from poison rCorr: It protects you from acid and
   corrosion.
Wands
 c - a wand of mindburst (6)
 B - a wand of paralysis (11)
 M - a wand of digging (10)
 S - a wand of flame (3)
 V - a wand of roots (25)
Scrolls
 f - 6 scrolls of poison
 g - 7 scrolls of blinking
 o - 3 scrolls of summoning
 q - 8 scrolls of vulnerability
 u - 3 scrolls of immolation
 C - 6 scrolls of revelation
 I - 15 scrolls of teleportation
 J - 7 scrolls of fear
 Q - 3 scrolls of fog
Potions
 m - 2 potions of berserk rage
 p - 5 potions of brilliance
 s - 2 potions of attraction
 z - 6 potions of haste
 E - 3 potions of resistance
 F - 2 potions of might
 G - 2 potions of magic
 K - 10 potions of curing
 R - 10 potions of heal wounds
 U - 3 potions of lignification
 X - 3 potions of mutation
 Y - 3 potions of enlightenment
 Z - 2 potions of invisibility
Miscellaneous
 e - a lightning rod (4/4)
 L - a phial of floods


   Skills:
 - Level 12.0 Fighting
 - Level 14.0 Short Blades
 - Level 14.0 Throwing
 - Level 12.0 Armour
 - Level 1.3 Dodging
 * Level 7.4 Shields
 - Level 2.6 Unarmed Combat
 - Level 6.0 Ice Magic
 - Level 6.0 Evocations
 - Level 7.9 Shapeshifting


You had 7 spell levels left.
You knew the following spells:

 Your Spells              Type           Power      Damage    Failure   Level
a - Frozen Ramparts       Ice            42%        1d7       36%         3
b - Vampiric Draining     Necr           0%         2d6       99%         3
Q - Blink                 Tloc           0%         N/A       93%         2

Your spell library contained the following spells:

 Spells                   Type           Power      Damage    Failure   Level
 Summon Ice Beast         Ice/Summ       10%        N/A       80%         3
 Magic Dart               Conj           0%         1d3       83%         1
 Necrotise                Necr           0%         1d4       83%         1
 Summon Small Mammal      Summ           0%         N/A       83%         1
 Call Imp                 Summ           0%         N/A       93%         2
 Cigotuvi's Dreadful Rot  Necr/Alch/Air  0%         N/A       93%         2
 Jinxbite                 Hex            0%         N/A       93%         2
 Scorch                   Fire           0%         2d5       93%         2
 Searing Ray              Conj           0%         2d4       93%         2
 Call Canine Familiar     Summ           0%         N/A       99%         3
 Dispel Undead            Necr           0%         3d6       100%        4
 Flame Wave               Conj/Fire      0%         2d4       100%        4
 Fulminant Prism          Conj/Alch      0%         3d5       100%        4
 Leda's Liquefaction      Alch/Erth      0%         N/A       100%        4
 Martyr's Knell           Necr/Summ      0%         N/A       100%        4
 Petrify                  Alch/Erth      0%         N/A       100%        4
 Summon Blazeheart Golem  Fire/Summ      0%         N/A       100%        4
 Curse of Agony           Necr           0%         N/A       100%        5
 Metabolic Englaciation   Hex/Ice        5%         N/A       100%        5
 Summon Mana Viper        Hex/Summ       0%         N/A       100%        5
 Yara's Violent Unravell  Hex/Alch       0%         3d3       100%        5
 Death Channel            Necr           0%         N/A       100%        6
 Summon Cactus Giant      Summ           0%         N/A       100%        6
 Enfeeble                 Hex            0%         N/A       100%        7
 Orb of Destruction       Conj           0%         9d5       100%        7
 Ozocubu's Refrigeration  Ice            10%        4d9       100%        7
 Spellforged Servitor     Conj/Summ      0%         N/A       100%        7


Dungeon Overview and Level Annotations

Branches:
Dungeon (15/15)            Temple (0/1) D:7            Lair (5/5) D:8
 Shoals (0/4) Lair:2        Snake (2/4) Lair:3        Slime (0/5) Lair:4
    Orc (2/2) D:12            Elf (0/3) Orc:2        Vaults (0/5) D:14
 Depths (0/4) D:15          IceCv (visited)

Altars:
Dithmenos
Fedhas
Gozag
Kikubaaqudgha
Makhleb
Nemelex Xobeh
Qazlal
Sif Muna
Uskayaw
Xom
Yredelemnul
Jiyva

Shops:
D:6 *   D:8 (   D:13 !(!=   D:15 [   Orc:1 =   Orc:2 ?!(**   Snake:2 =:=*

Annotations:
D:10 exclusion: ice statue
D:12 3 runed translucent doors, hawla's ghost, journeyman DECj
D:14 2 transporters
Lair:3 exclusion: oklob plant


Innate Abilities, Weirdness & Mutations

Armour fits poorly on your strangely shaped body.
You have extremely tough skin. (AC +3)
You have a long armoured tail.
You regenerate magic and health when rolling toward enemies. (Rampage Regen)


Message History

The naga ritualist no longer looks unusually toxic.
You are more poisoned.
The naga ritualist calls down the wrath of its god upon you.
You feel yourself grow more vulnerable to poison.
The naga mage spits poison at you. The splash of poison hits you!
You are more poisoned.
The naga ritualist spits poison at you.
The splash of poison hits you but does no damage.
You are more poisoned.
You have difficulty breathing.
You feel yourself slow down.
You feel extremely sick.
You are more poisoned. x3
You are lethally poisoned!
You feel better.
You are poisoned.
You are more poisoned.
The naga ritualist spits poison at you. The splash of poison hits you!
You are more poisoned.
You feel extremely sick.
You are more poisoned. x2
The naga ritualist's toxic aura wanes.
You are more poisoned. x2
There is a stone staircase leading up here.
* * * LOW HITPOINT WARNING * * *
You feel extremely sick.
* * * LOW HITPOINT WARNING * * *
You are lethally poisoned!
The naga ritualist calls down the wrath of its god upon you.
You feel yourself grow more vulnerable to poison.
The naga mage spits poison at you.
The splash of poison hits you but does no damage.
You are more poisoned.
The naga ritualist utters an invocation to its god.
The naga ritualist begins to radiate toxic energy.
* * * LOW HITPOINT WARNING * * *
You are more poisoned.
You climb upwards.
You die...
Your body crumbles into a pile of gold.

...............##
#...............##
#................##
...##.............#
..########........#
####### ##.......#
# #..## #.......#
#...# #.......#
#...## ##....@.#
#....# #......##
#....###.....##
##....##.#..##
#.......#.##
##......###
####..## ##.##
###..# ####


There were no monsters in sight!

Vanquished Creatures
  Rupert (Orc:2)
  Kirke (D:12)
  A quicksilver dragon zombie (D:15)
  2 green deaths (Snake:2)
  Harold (D:11)
  2 ogre magi
  4 catoblepae
  4 centaur warriors
  3 hydras
  11 two-headed ogres
  3 anacondas (Snake:1)
  A death knight (D:15)
  3 boulder beetles
  9 naga warriors
  3 naga sharpshooters (Snake:1)
  3 orc high priests
  11 death yaks
  2 shock serpents
  Sonja (D:10)
  A storm dragon zombie (D:15)
  7 skeletal warriors
  A fire crab (Lair:5)
  A storm dragon skeleton (D:15)
  Amaemon (D:9)
  6 mana vipers
  A flayed ghost (D:15)
  2 naga ritualists
  A harpy (shapeshifter) (D:14)
  A deep elf archer (D:14)
  A necromancer (D:15)
  4 orc knights
  3 phantasmal warriors (D:15)
  3 deep elf pyromancers (D:14)
  5 ugly things
  6 orc sorcerers
  A wolf spider (D:15)
  2 manticores (Lair:5)
  A salamander (Snake:1)
  4 kobold blastminers (Orc:2)
  3 cyclopes
  15 black mambas
  3 naga magi
  15 elephants
  11 cane toads
  A gargoyle (D:14)
  An orange demon (D:10)
  4 centaur skeletons (D:14)
  4 torpor snails
  4 unseen horrors
  5 rime drakes
  A kobold demonologist (D:9)
  2 freezing wraiths
  2 efreet (D:15)
  3 yaktaurs (D:14)
  10 komodo dragons
  2 hornets
  3 merfolk (Lair:2)
  5 polar bears
  5 trolls
  20 blink frogs
  14 dream sheep
  4 wyverns
  8 slime creatures (D:12)
  3 shadows
  A vampire (D:10)
  4 wraiths
  A wyvern (shapeshifter) (D:15)
  4 humans (D:13)
  76 yaks
  A fire elemental (D:14)
  4 steam dragons
  A warg (Orc:2)
  4 basilisks
  3 hogs
  Edmund (D:3)
  Menkaure (D:6)
  12 water moccasins
  An acid dragon (D:9)
  12 nagas
  Duvessa (D:4)
  4 sky beasts (D:7)
  3 orc warriors
  5 ice beasts
  2 black bears (D:6)
  2 laughing skulls (D:15)
  12 wolves
  4 ogres
  2 centaurs
  A centaur (shapeshifter) (D:15)
  3 phantoms
  8 kobold brigands
  22 bullfrogs
  3 scorpions
  2 gnoll sergeants
  A cane toad simulacrum (Lair:3)
  11 wights
  Dowan (D:4)
  9 killer bees
  2 electric eels
  6 howler monkeys
  2 bombardier beetles
  5 hounds
  2 gnoll boudas
  14 orc priests
  3 jellies
  A sleepcap (D:8)
  15 orc wizards
  7 iguanas
  A polar bear simulacrum (Lair:3)
  Robin (D:2)
  17 gnolls
  11 adders
  A shadow imp (D:6)
  5 white imps
  An ufetubus (D:6)
  A dart slug (D:1)
  3 ribbon worms
  42 orcs
  4 endoplasms
  5 giant cockroaches
  16 goblins
  11 hobgoblins
  3 jackals (D:4)
  3 quokkas
  3 ball pythons
  5 bats
  8 frilled lizards
  16 kobolds
  3 rats
705 creatures vanquished.

Notes
Turn   | Place    | Note
-------+----------+-------------------------------------------
     0 | D:1      | wormsofcant the Armataur Shapeshifter began the quest for
                  | the Orb.
     0 | D:1      | Reached XP level 1. HP: 15/15 MP: 1/1
   323 | D:1      | Reached XP level 2. HP: 22/22 MP: 2/2
   766 | D:1      | Reached XP level 3. HP: 20/27 MP: 3/3
  1044 | D:2      | Noticed Robin
  1153 | D:2      | Killed Robin
  1362 | D:2      | Reached XP level 4. HP: 34/34 MP: 4/4
  1385 | D:2      | Found the +4 robe of Augmentation {Str+4 Int+4 Dex+4}
  1493 | D:2      | Found a faded altar of an unknown god.
  1998 | D:3      | Found a basalt altar of Yredelemnul.
  1998 | D:3      | Found a shimmering altar of Xom.
  2489 | D:4      | Noticed Edmund
  2541 | D:4      | Reached XP level 5. HP: 39/39 MP: 5/5
  2574 | D:4      | Reached skill level 5 in Shapeshifting
  2848 | D:4      | Found a stormy altar of Qazlal.
  2880 | D:4      | Noticed Duvessa
  2986 | D:3      | Killed Edmund
  2987 | D:3      | Reached skill level 1 in Fighting
  2987 | D:3      | Reached XP level 6. HP: 29/48 MP: 6/6
  3452 | D:5      | Entered Level 5 of the Dungeon
  3524 | D:5      | Gained mutation: You regenerate magic and health when
                  | rolling toward enemies. (Rampage Regen) [Armataur growth]
  3524 | D:5      | Reached XP level 7. HP: 42/57 MP: 7/7
  3732 | D:5      | Noticed a troll
  3852 | D:5      | Reached skill level 5 in Fighting
  4271 | D:5      | Reached XP level 8. HP: 60/70 MP: 8/8
  4434 | D:5      | Killed a troll
  4435 | D:5      | Reached skill level 1 in Short Blades
  5082 | D:6      | Found Ejoav's General Store.
  5088 | D:6      | Bought a wand of paralysis (5) for 144 gold pieces
  5088 | D:6      | Bought a scroll of revelation for 90 gold pieces
  5322 | D:6      | Reached skill level 5 in Short Blades
  5329 | D:6      | Reached XP level 9. HP: 74/75 MP: 9/9
  5587 | D:6      | Reached skill level 1 in Evocations
  5656 | D:6      | Noticed Menkaure
  5665 | D:6      | Killed Menkaure
  5964 | D:6      | Found an opulent altar of Gozag.
  5966 | D:6      | Identified the staff of Winter {rPois rCorr Alchemy}
  6002 | D:6      | Found an ancient bone altar of Kikubaaqudgha.
  6037 | D:6      | Became a worshipper of Gozag Ym Sagoz the Greedy
  6653 | D:7      | Found a sparkling altar of Nemelex Xobeh.
  6787 | D:7      | Found a staircase to the Ecumenical Temple.
  6815 | D:7      | Found a hide-covered altar of Uskayaw.
  6905 | D:7      | Identified a scroll of acquirement
  6927 | D:7      | Acquired 994 gold pieces
  7199 | D:7      | Reached XP level 10. HP: 58/88 MP: 10/10
  8004 | D:4      | Noticed Dowan
  8028 | D:4      | Killed Duvessa
  8041 | D:4      | Killed Dowan
  8245 | D:6      | Bought a potion of ambrosia for 96 gold pieces
  8409 | D:8      | Found Zot Omini's Weapon Shoppe.
  8538 | D:8      | Bought the +8 arc blade {discharge, rElec} for 900 gold
                  | pieces
  8538 | D:8      | Found the +8 arc blade {discharge, rElec}
  8553 | D:8      | Reached skill level 5 in Evocations
  9317 | D:8      | Found a staircase to the Lair.
  9464 | D:9      | Paralysed by a hornet for 1 turns
  9662 | D:9      | Got Sif Muna's Incunable of the Evil Eye and Frostbite
  9809 | D:9      | Noticed a soul eater
  9810 | D:9      | Noticed an orange demon
 10141 | D:9      | Reached skill level 10 in Short Blades
 10167 | D:9      | Reached skill level 1 in Armour
 10167 | D:9      | Reached XP level 11. HP: 90/94 MP: 11/11
 10181 | D:9      | Noticed a centaur warrior
 10192 | D:9      | Killed a centaur warrior
 10410 | D:9      | Noticed a two-headed ogre
 10416 | D:9      | Killed a two-headed ogre
 10924 | Lair:1   | Entered Level 1 of the Lair of Beasts
 11791 | Lair:1   | Identified the +5 long sword of Irritation {freeze, rElec
                  | Will+ Int+2}
 12397 | Lair:1   | Learned a level 3 spell: Frozen Ramparts
 12523 | Lair:2   | Reached XP level 12. HP: 94/101 MP: 12/12
 13067 | Lair:2   | Found a staircase to the Shoals.
 13293 | Lair:3   | Found a staircase to the Snake Pit.
 13521 | Lair:3   | Found a frozen archway.
 13615 | Lair:3   | Reached skill level 1 in Ice Magic
 13662 | Lair:3   | Noticed a death yak
 13673 | Lair:3   | Noticed a death yak
 13685 | Lair:3   | Killed a death yak
 13690 | Lair:3   | Noticed a death yak
 13697 | Lair:3   | Killed a death yak
 13704 | Lair:3   | Killed a death yak
 13705 | Lair:3   | Reached skill level 5 in Ice Magic
 13756 | Lair:3   | Learned a level 3 spell: Vampiric Draining
 13798 | IceCv    | Entered an ice cave
 13802 | IceCv    | Reached XP level 13. HP: 107/107 MP: 13/13
 14503 | Lair:3   | You fall into a shaft and drop 2 floors!
 14503 | Lair:5   | Entered Level 5 of the Lair of Beasts
 14544 | Lair:5   | Reached skill level 10 in Fighting
 15330 | Lair:4   | Reached skill level 1 in Throwing
 15544 | Lair:4   | Found a staircase to the Slime Pits.
 15833 | Lair:4   | Reached XP level 14. HP: 107/126 MP: 14/14
 15905 | Lair:4   | Reached skill level 5 in Throwing
 16299 | Lair:3   | Found a blossoming altar of Fedhas.
 18066 | D:10     | Entered Level 10 of the Dungeon
 18066 | D:10     | Noticed Amaemon
 18072 | D:9      | Killed Amaemon
 18252 | D:10     | Acquired a +4 ring of slaying
 18265 | D:10     | Found a blossoming altar of Fedhas.
 18365 | D:10     | Found a shadowy altar of Dithmenos.
 18506 | D:10     | Found a burning altar of Makhleb.
 18526 | D:10     | Found a shimmering blue altar of Sif Muna.
 18581 | D:10     | Noticed Sonja
 18585 | D:10     | Killed Sonja
 19409 | D:11     | Noticed Harold
 19420 | D:11     | Killed Harold
 19590 | D:11     | Reached skill level 10 in Throwing
 19617 | D:11     | Identified the ring of Periypil {Ice rPois rCorr Str+6}
 20257 | D:12     | Found a runed translucent gate.
 20257 | D:12     | Found a runed translucent gate.
 20257 | D:12     | Noticed an azure jelly
 20258 | D:12     | Found a runed translucent gate.
 20258 | D:12     | Noticed an azure jelly
 20258 | D:12     | Noticed an azure jelly
 20259 | D:12     | Noticed an acid blob
 20259 | D:12     | Noticed an azure jelly
 20259 | D:12     | Noticed hawla's ghost (journeyman DECj)
 20259 | D:12     | Noticed an acid blob
 20260 | D:12     | Noticed a rockslime
 20260 | D:12     | Noticed an azure jelly
 20263 | D:12     | Found a viscous altar of Jiyva.
 20285 | D:12     | Found a staircase to the Orcish Mines.
 21037 | Orc:1    | Entered Level 1 of the Orcish Mines
 21037 | Orc:1    | Found Optimna's Jewellery Shoppe.
 21042 | Orc:1    | Paralysed by an orc sorcerer for 4 turns
 21181 | Orc:2    | Entered Level 2 of the Orcish Mines
 21302 | Orc:2    | Noticed Rupert
 21325 | Orc:2    | Killed Rupert
 21870 | Orc:2    | Found a staircase to the Elven Halls.
 22275 | Orc:2    | Reached XP level 15. HP: 88/132 MP: 15/15
 22464 | Orc:2    | Found Jairepn's Weapon Boutique.
 22464 | Orc:2    | Found Rilil's Distillery.
 22466 | Orc:2    | Found Geotrif's General Store.
 22466 | Orc:2    | Found Zecrowke's Assorted Antiques.
 22502 | Orc:2    | Bought a potion of degeneration for 11 gold pieces
 22502 | Orc:2    | Bought a potion of curing for 33 gold pieces
 22502 | Orc:2    | Bought a potion of resistance for 110 gold pieces
 22506 | Orc:2    | Bought 2 potions of curing for 186 gold pieces
 22506 | Orc:2    | Bought a potion of heal wounds for 155 gold pieces
 22506 | Orc:2    | Bought a lightning rod (4/4) for 1240 gold pieces
 22514 | Orc:2    | Bought a scroll of teleportation for 30 gold pieces
 22514 | Orc:2    | Bought a scroll of teleportation for 30 gold pieces
 22514 | Orc:2    | Bought a wand of roots (8) for 192 gold pieces
 22690 | Orc:2    | Found Qiamyuc's Magic Scroll Emporium.
 22698 | Orc:2    | Bought a scroll of identify for 24 gold pieces
 22698 | Orc:2    | Bought a scroll of identify for 24 gold pieces
 22698 | Orc:2    | Bought a scroll of teleportation for 36 gold pieces
 22698 | Orc:2    | Bought a scroll of fear for 48 gold pieces
 22700 | Orc:2    | Acquired the +0 mask of the Dragon {Will+ Slay+3 SInv}
 22700 | Orc:2    | Found the +0 mask of the Dragon {Will+ Slay+3 SInv}
 22876 | D:13     | Noticed Kirke
 22885 | D:12     | Killed Kirke
 23172 | D:13     | Found Tyeh's Jewellery Shop.
 23173 | D:13     | Found Enay's Weapon Shoppe.
 23173 | D:13     | Found Xushrill's Distillery.
 23174 | D:13     | Found Ludishie's Distillery.
 23224 | D:13     | Bought a potion of haste for 170 gold pieces
 23268 | D:13     | Bought a potion of curing for 39 gold pieces
 23268 | D:13     | Bought a potion of haste for 130 gold pieces
 23268 | D:13     | Bought a potion of curing for 39 gold pieces
 23854 | D:14     | Found a transporter.
 23942 | D:14     | Found a transporter.
 24103 | D:14     | Reached skill level 10 in Armour
 24220 | D:14     | Found a gate to the Vaults.
 25146 | D:15     | Entered Level 15 of the Dungeon
 25420 | D:15     | Found a staircase to the Depths.
 26717 | D:15     | Learned a level 2 spell: Blink
 27026 | Snake:1  | Entered Level 1 of the Snake Pit
 27150 | Snake:1  | Reached XP level 16. HP: 100/139 MP: 16/16
 27559 | Snake:1  | Reached skill level 1 in Shields
 28320 | Snake:1  | Reached skill level 5 in Shields
 28398 | Snake:2  | Found Amoad's Assorted Antiques.
 28448 | Snake:2  | Bought a scroll of teleportation for 105 gold pieces
 28448 | Snake:2  | Bought 2 scrolls of teleportation for 210 gold pieces
 28448 | Snake:2  | Bought a shiny glass wand for 140 gold pieces
 28569 | Snake:2  | Found Leacad's Jewellery Shoppe.
 28569 | Snake:2  | Found Dyocrey's Book Boutique.
 28570 | Snake:2  | Found Daoth's Jewellery Shoppe.
 28660 | Snake:2  | Found a runed translucent door.
 29352 | Snake:1  | Succumbed to a naga ritualist's toxic radiance

Illustrated notes

Levels and vault maps discovered:
D:1:      orjb1_clovarrival, layout_basic
D:2:      layout_basic, nicolae_ecumenical_oubliette, uniq_robin
D:3:      layout_loops_cross, amethyst_overflow_temple_binary
D:4:      layout_rooms, nicolae_qazlal_general_emergency, uniq_edmund,
          uniq_duvessa
D:5:      layout_basic, minmay_divided_ellipse
D:6:      layout_basic, lemuel_coloured_pillars_altar,
          nicolae_gozag_cash_rules_everything_around_me, serial_shops, shop,
          minivault_11, minmay_joined_circles, uniq_menkaure
D:7:      layout_loops_corners, nicolae_uskayaw_murder_on_the_dancefloor,
          mainiacjoe_overflow_small_starburst, minmay_temple_entry_waves,
          hangedman_misty_isle
D:8:      layout_rooms, erik_lair_dragon, serial_shops, nicolae_shop_peninsula
D:9:      kennysheep_blocky_room, layout_stronghold
D:10:     lemuel_ice_statue, layout_stronghold, bloody_makhleb,
          grunt_dithmenos_shadows, lemuel_tele_altar,
          nicolae_overflow_crystal_walls, uniq_amaemon, uniq_sonja
D:11:     layout_roguey, uniq_harold
D:12:     layout_loops_cross, orc_0_dummy, gammafunk_ghost_ooze
D:13:     layout_gridville, grunt_decor_fettered, nicolae_wooded_promenade,
          drop_trap, uniq_kirke
D:14:     gammafunk_worm_tunnel, layout_basic,
          hangedman_vaults_entry_quadrant_bands, kennysheep_flooded_box
D:15:     gammafunk_depths_entry_grave, layout_cross, serial_co_window_serial,
          co_window_paths_b, co_window_corner_a, co_window_corner_a,
          co_window_corner_a, co_window_corner_a, co_window_corner_b,
          co_window_corner_b, co_window_of_opportunity_b, co_window_corner_cb,
          co_window_broadway_a, co_window_of_opportunity_c,
          co_window_broadway_b, glass_columns_c, glass_columns_a,
          glass_columns_b
Lair:1:   layout_regular_city, pdpol_lair_neglected_garden, grunt_megastairs_2
Lair:2:   layout_big_grid, mainiacjoe_shoals_entry_four_pools,
          lemuel_fruit_fields
Lair:3:   layout_loops_ring, minmay_snake_entry_guardpost_small,
          portal_ice_cave_entry_ice_simulacra, tgw_fedhas
Lair:4:   layout_roguey, slime_entry_1, pond, grunt_megastairs_4
Lair:5:   evilmike_catoblepas_cave, layout_cave_pods
Snake:1:  layout_cave_pods, nicolae_snake_gridmaze_spiral, grunt_ministairs_1
Snake:2:  cheibrodos_toxic_ritual, layout_cave_shapes, nicolae_stop_n_shop_1,
          grunt_megastairs_3, lemuel_fruit_tree, minmay_shop_grove
Orc:1:    layout_diamond_mine, serial_shops, shop, shop, nicolae_shop_waterfront
Orc:2:    st_orc_elflike, layout_caves, serial_shops, nicolae_shop_hallway_plus,
          uniq_rupert

Skill      XL: |  1  2  3  4  5  6  7  8  9 10 11 12 13 14 15 16 |
---------------+-------------------------------------------------+-----
Shapeshifting  | 3 4 6 7 |  7.9
Fighting       | 1 3 6 8 12 | 12.0
Short Blades   | 5 7 10 12 14 | 14.0
Evocations     | 3 6 |  6.0
Armour         | 1 6 8 12 | 12.0
Ice Magic      | 6 |  6.0
Throwing       | 4 11 13 14 | 14.0
Shields        | 7 |  7.4
Dodging        | |  1.3
Unarmed Combat | |  2.6

Action                     |  1- 3 |  4- 6 |  7- 9 | 10-12 | 13-15 | 16-18 || total
---------------------------+-------+-------+-------+-------+-------+-------++-------
  Melee: Unarmed           |    97 |     2 |    33 |       |       |       ||   132
         Tailslap          |    13 |    13 |    51 |    80 |   220 |    24 ||   401
         Punch             |     2 |       |     4 |    18 |    34 |     2 ||    60
         Dagger            |       |    67 |   287 |    85 |       |       ||   439
         Rapier            |       |       |       |   447 |  1084 |   182 ||  1713
   Fire: Sling             |     7 |    85 |    17 |       |       |       ||   109
  Throw: Boomerang         |       |       |       |       |    10 |       ||    10
 Invoke: Potion Petition   |       |       |       |     1 |     1 |       ||     2
         Call Merchant     |       |       |       |       |     1 |       ||     1
  Evoke: Wand              |       |       |       |       |     1 |       ||     1
    Use: Scroll            |       |     5 |     3 |    13 |    12 |       ||    33
         Potion            |       |       |     2 |     1 |     2 |     1 ||     6
   Stab: Sleeping          |       |       |     1 |       |       |       ||     1
         Distracted        |       |       |       |     3 |     7 |       ||    10
         Invisible         |       |       |       |       |     5 |       ||     5
         Paralysed         |       |       |       |       |     2 |       ||     2
 Armour: Animal skin       |    42 |       |       |       |       |       ||    42
         Robe              |       |    57 |   181 |   109 |       |       ||   347
         Skin              |       |       |    62 |       |       |       ||    62
         Chain mail        |       |       |       |   438 |  1124 |   173 ||  1735
  Dodge: Dodged            |    41 |    36 |    94 |    92 |   169 |    25 ||   457
  Block: Other             |     6 |    18 |    62 |    62 |   106 |     2 ||   256
         Reflection        |       |     1 |     1 |     7 |     2 |     5 ||    16
         Kite shield       |       |       |       |       |       |    67 ||    67
         Form:             |       |       |       |     1 |     1 |       ||     2
         Serpent           |       |       |       |     1 |       |       ||     1
         Beast             |       |       |       |     1 |       |       ||     1
         Maw               |       |       |       |       |     1 |       ||     1
